 Dungeon Crawl Stone Soup version 0.25-a0-713-g4845790 (webtiles) character file.

Game seed: 11902999286098163175, levelgen mode: deterministic

8264 BlueFish the Thaumaturge (level 11, -6/79 HPs)
             Began as a Mummy Wizard on Apr 5, 2020.
             Was an Elder of Kikubaaqudgha.
             Mangled by an orc knight
             ... wielding a +0 glaive
              (28 damage)
             ... in a bailey.
             The game lasted 00:42:58 (15701 turns).

BlueFish the Thaumaturge (Mummy Wizard)            Turns: 15701, Time: 00:42:58

Health: -6/79      AC:  3    Str: 10    XL:     11   Next: 7%
Magic:  2/26       EV: 14    Int: 22    God:    Kikubaaqudgha [****..]
Gold:   625        SH:  0    Dex: 15    Spells: 3/32 levels left

rFire    x . .     SeeInvis .   f - +0 whip (pain)
rCold    + + .     Gourm    .   (no shield)
rNeg     + + +     Faith    .   r - +0 robe {rC+}
rPois    ∞         Spirit   .   b - +0 hat
rElec    .         Reflect  .   (no cloak)
rCorr    .         Harm     .   a - +0 pair of gloves (curse)
MR       ++...                  (no boots)
Stlth    +++.......             (no amulet)
HPRegen  0.23/turn              t - +5 ring of dexterity
MPRegen  0.20/turn              u - ring of protection from magic

@: no status effects
A: no food or potions, fire vulnerability, cold resistance 1, negative energy
resistance 3, torment resistance, unbreathing
a: Receive Corpses, Renounce Religion


You were in a bailey.
You worshipped Kikubaaqudgha.
Kikubaaqudgha was greatly pleased with you.
You were not hungry.

You visited 1 branch of the dungeon, and saw 11 of its levels.
You also visited: Bailey.

You collected 625 gold pieces.

Inventory:

Hand Weapons
 e - a +1 whip of electrocution
 f - a +0 whip of pain (weapon)
 p - a +6 spear of freezing
Armour
 a - a cursed +0 pair of gloves (worn)
 b - a +0 hat (worn)
 r - a +0 robe of cold resistance (worn)
Jewellery
 o - an uncursed ring of resist corrosion
 t - a +5 ring of dexterity (left hand)
 u - a ring of protection from magic (right hand)
Wands
 k - a wand of disintegration (36)
 v - a wand of scattershot (3)
Scrolls
 c - 3 scrolls of magic mapping
 d - 6 scrolls of remove curse
 g - 5 scrolls of teleportation
 h - a scroll of amnesia
 i - 2 scrolls of fog
 j - a scroll of enchant armour
 l - 9 scrolls of identify
 m - 2 scrolls of fear
 n - 2 scrolls of noise
 q - a scroll of brand weapon
 s - a scroll of immolation


   Skills:
 * Level 5.1 Fighting
 * Level 4.3 Maces & Flails
 * Level 4.2 Dodging
 * Level 4.8 Stealth
 * Level 11.4 Spellcasting
 - Level 2.1 Conjurations
 + Level 2.5 Hexes
 + Level 1.8 Summonings
 * Level 7.4 Necromancy
 + Level 0.8 Translocations
 + Level 1.1 Air Magic
 + Level 0.7 Poison Magic
 * Level 3.8 Evocations


You had 3 spell levels left.
You knew the following spells:

 Your Spells              Type           Power        Failure   Level  Hunger
a - Pain                  Necr           ####         1%          1    N/A
b - Vampiric Draining     Necr           #####.....   1%          3    N/A
c - Magic Dart            Conj           ###.         2%          1    N/A
d - Blink                 Tloc           N/A          5%          2    N/A
e - Slow                  Hex            ###.....     2%          2    N/A
f - Conjure Flame         Conj/Fire      ###.....     10%         3    N/A
g - Animate Skeleton      Necr           N/A          1%          1    N/A
h - Mephitic Cloud        Conj/Pois/Air  ###.....     9%          3    N/A
i - Call Imp              Summ           ###.....     3%          2    N/A
j - Corpse Rot            Necr/Air       N/A          1%          2    N/A
k - Dispel Undead         Necr           #####...     2%          4    N/A
l - Agony                 Necr           #####...     7%          5    N/A

Your spell library contained the following spells:

 Spells                   Type           Power        Failure   Level  Hunger
 Corona                   Hex            ###....      1%          1    N/A
 Summon Small Mammal      Summ           ###.         2%          1    N/A
 Apportation              Tloc           ###...       3%          1    N/A
 Excruciating Wounds      Chrm/Necr      ####......   30%         5    N/A
 Death Channel            Necr           #####.....   36%         6    N/A
 Simulacrum               Ice/Necr       ####......   86%         6    N/A

Dungeon Overview and Level Annotations

Branches:
Dungeon (11/15)            Temple (0/1) D:5            Lair (0/6) D:11
 Bailey (1/1)
    Orc: D:9-12

Altars:
Ashenzari
Kikubaaqudgha
Okawaru
Qazlal
Ru
Sif Muna
Xom

Shops:
D:11 ?


Innate Abilities, Weirdness & Mutations

You do not eat or drink.
Your flesh is vulnerable to fire.
You are immune to poison.
Your flesh is cold resistant. (rC+)
You are immune to negative energy. (rN+++)
You are immune to unholy pain and torment.
You can survive without breathing.


Message History

Confirm with . or Enter, or press ? or * to list all spells.
Aiming: Vampiric Draining (safe; 1% risk of failure)
Press: ? - help, Shift-Dir - straight line, f/p - orc knight
Aim: an orc knight, wielding a +0 glaive and wearing a +0 chain mail (severely wounded)
The orc knight is severely wounded.
You feel life coursing into your body.
The orc knight hits you with a +0 glaive.
* * * LOW HITPOINT WARNING * * *
Casting: Vampiric Draining (safe; 1% risk of failure)
Confirm with . or Enter, or press ? or * to list all spells.
Aiming: Vampiric Draining (safe; 1% risk of failure)
Press: ? - help, Shift-Dir - straight line, f/p - orc knight
Aim: an orc knight, wielding a +0 glaive and wearing a +0 chain mail (severely wounded)
The orc knight is almost dead.
You feel life coursing into your body. The orc knight misses you.
You hit the orc knight but do no damage.
The orc knight is almost dead.
The orc knight hits you with a +0 glaive!!
You die...
Kikubaaqudgha rasps: "You have failed me!
Welcome... oblivion!"

###### ############
.....## ##........∩.##
......######............#
.....)#))..#......)).)..#
o....o'))..'...o@.))...∩#
....))#....#.......))...#
......######.....)......#
.....## ##........∩.##
###### ############


You could see an orc knight.

Vanquished Creatures
  A two-headed ogre (D:8)
  Pikel (D:8)
  2 centaur zombies (D:10)
  A troll (D:8)
  A hornet (D:8)
  2 slime creatures (D:10)
  2 hippogriffs
  Sigmund (D:2)
  A spriggan (D:8)
  A wraith (D:9)
  A hungry ghost (D:10)
  2 ice beasts
  A sky beast (D:8)
  Duvessa (D:7)
  8 orc warriors
  A slave (D:8)
  2 phantoms (D:8)
  4 ogres
  4 centaurs
  7 bullfrogs
  Dowan (D:7)
  A gnoll sergeant (D:6)
  2 wyvern skeletons (D:10)
  2 scorpions
  5 killer bees (D:7)
  3 wights (D:11)
  6 crimson imps
  5 howler monkeys (D:10)
  5 jellies
  2 orc priests
  3 hounds
  3 bullfrog skeletons
  3 centaur skeletons
  5 iguanas
  8 worker ants
  Ijyb (D:5)
  7 orc wizards
  A killer bee zombie (D:8)
  3 hound skeletons
  10 adders
  11 gnolls
  A shadow imp (D:5)
  A dart slug (D:3)
  7 leopard geckos
  77 orcs
  4 ball pythons
  4 bats (D:3)
  6 giant cockroaches
  11 goblins
  8 hobgoblins
  2 jackals (D:4)
  9 quokkas
  4 frilled lizards
  A jackal skeleton (D:7)
  4 kobolds
  A leopard gecko skeleton (D:6)
  A quokka zombie (D:5)
  8 rats
280 creatures vanquished.

Vanquished Creatures (collateral kills)
  A troll (D:4)
  A killer bee (D:7)
  2 orc wizards (D:7)
  Robin (D:2)
  3 goblins (D:2)
  A rat (D:2)
9 creatures vanquished.

Vanquished Creatures (others)
  A howler monkey (D:8)
  2 hounds (D:8)
3 creatures vanquished.

Grand Total: 292 creatures vanquished

Notes
Turn   | Place    | Note
-------+----------+-------------------------------------------
     0 | D:1      | BlueFish the Mummy Wizard began the quest for the Orb.
     0 | D:1      | Reached XP level 1. HP: 13/13 MP: 5/5
   488 | D:1      | Reached XP level 2. HP: 19/19 MP: 3/7
   492 | D:1      | Learned a level 2 spell: Call Imp
  1215 | D:2      | Noticed Sigmund
  1224 | D:2      | Killed Sigmund
  1224 | D:2      | Reached skill level 1 in Fighting
  1224 | D:2      | Reached skill level 1 in Maces & Flails
  1224 | D:2      | Reached skill level 5 in Spellcasting
  1224 | D:2      | Reached skill level 1 in Conjurations
  1224 | D:2      | Reached XP level 3. HP: 26/26 MP: 1/10
  1224 | D:2      | Reached XP level 4. HP: 32/32 MP: 1/11
  1229 | D:2      | Learned a level 3 spell: Mephitic Cloud
  1232 | D:2      | Learned a level 2 spell: Blink
  1235 | D:2      | Learned a level 2 spell: Slow
  1239 | D:2      | Learned a level 3 spell: Conjure Flame
  1319 | D:2      | Reached XP level 5. HP: 37/37 MP: 9/13
  1527 | D:2      | Reached skill level 6 in Spellcasting
  1537 | D:2      | Noticed Robin
  1891 | D:2      | Found a shimmering altar of Xom.
  1893 | D:2      | Found a white marble altar of Elyvilon.
  1893 | D:2      | Found a sparkling altar of Nemelex Xobeh.
  1895 | D:2      | Found a snail-covered altar of Cheibriados.
  1895 | D:2      | Found a shimmering altar of Xom.
  1895 | D:2      | Found a basalt altar of Yredelemnul.
  2023 | D:2      | Killed Robin
  2178 | D:2      | Found a shattered altar of Ashenzari.
  2547 | D:3      | Learned a level 1 spell: Animate Skeleton
  2629 | D:3      | Found an ancient bone altar of Kikubaaqudgha.
  2637 | D:3      | Became a worshipper of Kikubaaqudgha
  2660 | D:3      | Reached skill level 1 in Summonings
  2671 | D:3      | Reached skill level 1 in Hexes
  2957 | D:3      | Noticed an ogre
  2972 | D:3      | Killed an ogre
  2972 | D:3      | Reached XP level 6. HP: 43/43 MP: 4/15
  3526 | D:4      | Noticed a troll
  4115 | D:4      | Found an iron altar of Okawaru.
  4351 | D:4      | Reached skill level 7 in Spellcasting
  4351 | D:4      | Reached skill level 1 in Necromancy
  4351 | D:4      | Reached XP level 7. HP: 49/49 MP: 4/17
  5065 | D:4      | Killed a troll
  5917 | D:5      | Entered Level 5 of the Dungeon
  6351 | D:5      | Noticed Ijyb
  6468 | D:5      | Reached XP level 8. HP: 49/57 MP: 15/19
  6590 | D:5      | Reached * piety under Kikubaaqudgha
  6590 | D:5      | Identified Kikubaaqudgha's Incunabulum of Evil Secrets
                  | (Kikubaaqudgha gifted it to you on level 5 of the Dungeon)
  6590 | D:5      | Received a gift from Kikubaaqudgha
  6596 | D:5      | Learned a level 1 spell: Pain
  6600 | D:5      | Learned a level 3 spell: Vampiric Draining
  6856 | D:5      | Found a staircase to the Ecumenical Temple.
  6940 | D:5      | Killed Ijyb
  7838 | D:6      | Reached skill level 1 in Air Magic
  7952 | D:6      | Reached skill level 8 in Spellcasting
  8114 | D:6      | Found a sacrificial altar of Ru.
  8519 | D:7      | Reached skill level 1 in Evocations
  8533 | D:7      | Learned a level 2 spell: Corpse Rot
  8631 | D:7      | Reached ** piety under Kikubaaqudgha
  8692 | D:7      | Reached XP level 9. HP: 47/64 MP: 2/21
  8822 | D:7      | Noticed Duvessa
  8830 | D:7      | Noticed Dowan
  8837 | D:7      | Killed Duvessa
  8862 | D:7      | Killed Dowan
  9263 | D:7      | Found a stormy altar of Qazlal.
  9925 | D:8      | Reached skill level 9 in Spellcasting
  9925 | D:8      | Reached skill level 5 in Necromancy
 10069 | D:8      | Noticed a two-headed ogre
 10346 | D:8      | Reached *** piety under Kikubaaqudgha
 10346 | D:8      | Identified Kikubaaqudgha's Volume of Evil Secrets
                  | (Kikubaaqudgha gifted it to you on level 8 of the Dungeon)
 10346 | D:8      | Received a gift from Kikubaaqudgha
 10355 | D:8      | Learned a level 4 spell: Dispel Undead
 10629 | D:8      | Got a shimmering scale mail
 10665 | D:8      | Noticed Pikel
 10675 | D:8      | Killed Pikel
 10840 | D:8      | Killed a two-headed ogre
 10840 | D:8      | Reached skill level 10 in Spellcasting
 10840 | D:8      | Reached XP level 10. HP: 33/73 MP: 1/24
 13015 | D:9      | Found a shimmering blue altar of Sif Muna.
 13202 | D:10     | Entered Level 10 of the Dungeon
 13476 | D:10     | Reached **** piety under Kikubaaqudgha
 13480 | D:10     | Reached skill level 11 in Spellcasting
 14876 | D:11     | Found Tuptiov's Magic Scroll Shoppe.
 14897 | D:11     | Noticed a six-headed hydra
 14905 | D:11     | Learned a level 5 spell: Agony
 15117 | D:11     | Noticed a cyan ugly thing
 15133 | D:11     | Reached XP level 11. HP: 78/78 MP: 17/26
 15146 | D:11     | Reached skill level 5 in Fighting
 15152 | D:11     | Found a flagged portal.
 15162 | Bailey   | Entered a bailey
 15646 | Bailey   | Noticed an orc knight
 15654 | Bailey   | Noticed an orc knight
 15701 | Bailey   | Mangled by an orc knight

Levels and vault maps discovered:
D:1:      psy_arrival_heroes, layout_rooms
D:2:      layout_basic, lemuel_round_altar, doesnt_xom_only_xom, uniq_robin,
          uniq_sigmund
D:3:      layout_basic, kiku_gazebo_pond_becter, minmay_diced_spiral
D:4:      layout_cave_pods, okawaru_ov_weapons_minmay, first_ration,
          hangedman_decor_peaks_small
D:5:      layout_basic, temple_fountains, uniq_ijyb
D:6:      layout_rooms, nicolae_overflow_crystal_walls
D:7:      layout_rooms, lemuel_round_altar, uniq_duvessa
D:8:      layout_basic, the_bakery, uniq_pikel
D:9:      layout_loops_corners, tgw_sif
D:10:     layout_long_grid
D:11:     lemuel_reptile_caves, layout_small_grid, lair_entry_dummy,
          serial_shops, shop, enter_bailey_6
Bailey:   bailey_polearm_5, bailey

Skill      XL: |  1  2  3  4  5  6  7  8  9 10 11 |
---------------+----------------------------------+-----
Fighting       | 1 2 3 4 5 |  5.1
Maces & Flails | 1 2 3 4 |  4.3
Dodging        | 2 3 4 |  4.2
Stealth        | 2 3 4 |  4.8
Spellcasting   | 5 6 7 8 10 11 | 11.4
Conjurations   | 1 2 |  2.1
Summonings     | 1 |  1.8
Hexes          | 1 2 |  2.5
Necromancy     | 1 4 6 7 |  7.4
Air Magic      | 1 |  1.1
Evocations     | 1 2 3 |  3.8
Translocations | |  0.8
Poison Magic   | |  0.7

Action                   |  1- 3 |  4- 6 |  7- 9 | 10-12 || total
-------------------------+-------+-------+-------+-------++-------
Melee: Whip              |    23 |    78 |   238 |   113 ||   452
 Cast: Magic Dart        |    38 |    98 |   140 |     3 ||   279
       Call Imp          |     3 |     9 |     7 |       ||    19
       Mephitic Cloud    |       |     7 |    20 |    12 ||    39
       Blink             |       |     1 |       |     1 ||     2
       Pain              |       |       |    96 |   111 ||   207
       Vampiric Draining |       |       |    42 |    46 ||    88
       Corpse Rot        |       |       |     3 |     3 ||     6
       Slow              |       |       |     1 |     4 ||     5
       Dispel Undead     |       |       |       |    21 ||    21
Evoke: Wand              |       |       |       |     4 ||     4
  Use: Scroll            |     3 |     2 |     6 |     2 ||    13
 Stab: Confused          |       |     1 |     8 |     7 ||    16
       Sleeping          |       |       |     1 |     2 ||     3
Armor: Robe              |     3 |    14 |    30 |    15 ||    62
Dodge: Dodged            |    12 |    57 |   157 |   113 ||   339

Table legend:
 A = Non-vault XP
 B = Vault XP
 C = Vault XP percentage of total XP
 D = Non-vault monster count
 E = Vault monster count
 F = Vault count percentage of total count
                 A         B        C        D         E       F
            +---------+---------+-------+---------+---------+-------
      Total |    9801 |    2006 |  17.0 |     229 |      59 |  20.5
            +---------+---------+-------+---------+---------+-------
        D:1 |      22 |       0 |   0.0 |      13 |       0 |   0.0
        D:2 |      26 |     193 |  88.1 |      15 |      14 |  48.3
        D:3 |     285 |       4 |   1.4 |      24 |       3 |  11.1
        D:4 |     765 |       0 |   0.0 |      23 |       0 |   0.0
        D:5 |     263 |      35 |  11.7 |      12 |       1 |   7.7
        D:6 |     654 |       0 |   0.0 |      26 |       0 |   0.0
        D:7 |     996 |     210 |  17.4 |      32 |       2 |   5.9
        D:8 |    2775 |     837 |  23.2 |      30 |       2 |   6.2
        D:9 |    1290 |      42 |   3.2 |      28 |       1 |   3.4
       D:10 |    2549 |       0 |   0.0 |      23 |       0 |   0.0
       D:11 |     176 |       0 |   0.0 |       3 |       0 |   0.0
     Bailey |       0 |     685 | 100.0 |       0 |      36 | 100.0
            +---------+---------+-------+---------+---------+-------
